[Event "Titled Tuesday Blitz March 21 Late 2023"]
[White "Narayanan.S.L"]
[Black "Quinones Garcia, Santiago"]
[WhiteFideId "5058422"]
[BlackFideId "4408497"]
[WhiteElo "2547"]
[BlackElo "2263"]
[Result "1/2-1/2"]
[Round "01"]
[TimeControl "180+2"]
[Date "2023.03.21"]
[WhiteClock "0:01:44"]
[BlackClock "0:00:03"]

1. e4 e6 2. d4 d5 3. Nc3 Bb4 4. Ne2 dxe4 5. a3 Bxc3+ 6. Nxc3 c5 7. d5 Nf6 8. Bb5+ Kf8 9. Bg5 h6 10. Bxf6 Qxf6 11. O-O a6 12. Bc4 Qd4 13. Qxd4 cxd4 14. Nxe4 b5 15. Ba2 Bb7 16. Rad1 Bxd5 17. Bxd5 exd5 18. Rxd4 Nd7 19. Rxd5 Nf6 20. Nxf6 gxf6 21. Rfd1 Kg7 22. g3 Rhe8 23. c3 Re2 24. R5d2 Re6 25. b3 Rc8 26. Rc1 a5 27. c4 a4 28. bxa4 bxc4 29. Rdc2 Rec6 30. a5 f5 31. Kg2 f4 32. gxf4 Kf6 33. Kf3 Ke6 34. Re1+ Kf6 35. Re5 Rb8 36. h4 Rb3+ 37. Re3 Rb5 38. Kg4 Rxa5 39. h5 Rcc5 40. Rcc3 Ra8 41. Re4 Rg8+ 42. Kf3 Ra8 43. Rexc4 Rxc4 44. Rxc4 Rxa3+ 45. Kg4 Ra6 46. Rc8 Kg7 47. f3 Rb6 48. Rc5 Ra6 49. Kf5 Rb6 50. Ke5 Ra6 51. f5 Rb6 52. Rc4 Rb5+ 53. Kf4 Rb6 54. Rd4 Ra6 55. Ke5 Rb6 56. f6+ Kh7 57. Rg4 Rb7 58. Kf5 Ra7 59. Re4 Ra5+ 60. Re5 Ra6 61. Re7 Kg8 62. f4 Rb6 63. Re1 Rb5+ 64. Re5 Rb6 65. Ra5 Rc6 66. Ra8+ Kh7 67. Ra7 Kg8 68. Ra3 Rb6 69. Rg3+ Kh8 70. Ke5 Rc6 71. Rd3 Rc5+ 72. Rd5 Rc6 73. Rd6 Rc5+ 74. Ke4 Rxh5 75. f5 Rh1 76. Rd8+ Kh7 77. Rf8 Re1+ 78. Kd4 Rd1+ 79. Ke3 Rd7 80. Re8 Rd6 81. Kf4 Rxf6 82. Re7 Kg7 83. Re2 Ra6 84. Rh2 Ra4+ 85. Ke5 Ra5+ 86. Kf4 Ra4+ 87. Ke5 Ra5+ 88. Ke4 Ra4+ 89. Ke5 1/2-1/2


[Site "https://www.chess.com"]

[Event "Titled Tuesday Blitz March 21 Late 2023"]
[White "Miszler, Levente"]
[Black "Terry, Renato"]
[WhiteFideId "763276"]
[BlackFideId "3803457"]
[WhiteElo "2176"]
[BlackElo "2579"]
[Result "0-1"]
[Round "01"]
[TimeControl "180+2"]
[Date "2023.03.21"]
[WhiteClock "0:01:13"]
[BlackClock "0:01:45"]

1. Nf3 d5 2. c4 d4 3. e3 Nc6 4. exd4 Nxd4 5. Nxd4 Qxd4 6. Nc3 e5 7. d3 Nf6 8. Be3 Qd8 9. d4 Ng4 10. dxe5 Nxe3 11. Qxd8+ Kxd8 12. fxe3 c6 13. O-O-O+ Kc7 14. Ne4 Be7 15. Be2 Be6 16. Nd6 Rad8 17. c5 Bxa2 18. Rhf1 Rhf8 19. Kc2 Be6 20. Kc3 f6 21. Bc4 Bg4 22. Rd4 Bc8 23. Rh4 h6 24. Rh5 fxe5 25. Rxf8 Rxf8 26. Ne4 Bf5 27. Ng3 Bg4 28. Rxe5 Bf6 29. Kd4 Re8 0-1


[Site "https://www.chess.com"]

[Event "Titled Tuesday Blitz March 21 Late 2023"]
[White "Hansen, Eric"]
[Black "Maurizzi, Marc`Andria"]
[WhiteFideId "2606771"]
[BlackFideId "36083534"]
[WhiteElo "2569"]
[BlackElo "2421"]
[Result "1-0"]
[Round "01"]
[TimeControl "180+2"]
[Date "2023.03.21"]
[WhiteClock "0:01:46"]
[BlackClock "0:01:52"]

1. Nf3 d5 2. g3 Nd7 3. Bg2 e5 4. d3 Ngf6 5. O-O Be7 6. c4 dxc4 7. dxc4 c6 8. Nc3 O-O 9. Qc2 Qc7 10. Rd1 Re8 11. Nh4 Bf8 12. b3 a5 13. Nf5 Nc5 14. Bg5 Nfd7 15. Rd2 Ne6 16. Be3 Nf6 17. h3 g6 18. Nh6+ Kg7 19. Rad1 Nd4 20. Qc1 Be6 21. Bg5 Ng8 22. Nxg8 Kxg8 23. Ne4 Bg7 24. Nf6+ Bxf6 25. Bxf6 Bf5 26. Rxd4 Re6 27. Rd8+ 1-0


[Site "https://www.chess.com"]

[Event "Titled Tuesday Blitz March 21 Late 2023"]
[White "Escanor89"]
[Black "Grigoriants, Sergey"]
[BlackFideId "4130804"]
[WhiteElo "2499"]
[BlackElo "2502"]
[Result "0-1"]
[Round "01"]
[TimeControl "180+2"]
[Date "2023.03.21"]
[WhiteClock "0:00:08"]
[BlackClock "0:00:17"]

1. c4 Nf6 2. Nc3 e5 3. Nf3 Nc6 4. d3 Bb4 5. Bd2 O-O 6. a3 Bxc3 7. Bxc3 Re8 8. e3 d5 9. cxd5 Nxd5 10. Be2 Bf5 11. e4 Nxc3 12. bxc3 Bg6 13. O-O Qd6 14. Nd2 Rad8 15. Nc4 Qc5 16. Qb3 b6 17. Ne3 Kh8 18. Rac1 f6 19. a4 Rd7 20. Qb5 Qxb5 21. axb5 Na5 22. Nd5 Bf7 23. Bg4 Rd6 24. c4 c6 25. bxc6 Nxc6 26. Ra1 h5 27. Bh3 Rb8 28. f4 exf4 29. Rxf4 b5 30. c5 Rdd8 31. Ra6 Nd4 32. Rf2 Bxd5 33. exd5 Rxd5 34. c6 Rc5 35. Bd7 b4 36. Rxa7 b3 37. Rb7 Nxc6 38. Rxb8+ Nxb8 0-1


[Site "https://www.chess.com"]

[Event "Titled Tuesday Blitz March 21 Late 2023"]
[White "Indjic, Aleksandar"]
[Black "Cyfka, Karina"]
[WhiteFideId "911925"]
[BlackFideId "1122681"]
[WhiteElo "2614"]
[BlackElo "2241"]
[Result "1-0"]
[Round "01"]
[TimeControl "180+2"]
[Date "2023.03.21"]
[WhiteClock "0:00:50"]
[BlackClock "0:00:15"]

1. d4 Nf6 2. c4 e6 3. Nc3 Bb4 4. e3 O-O 5. Bd3 c5 6. a3 Bxc3+ 7. bxc3 Nc6 8. Ne2 d6 9. e4 e5 10. d5 Ne7 11. O-O Ne8 12. f4 exf4 13. Nxf4 Ng6 14. Nxg6 hxg6 15. Bf4 f5 16. e5 g5 17. Bg3 f4 18. Qh5 Bf5 19. Bxf5 Rxf5 20. e6 Qf6 21. Qg4 g6 22. Bf2 Ng7 23. Rfe1 Re8 24. Rac1 Re5 25. Rxe5 Qxe5 26. h3 Nh5 27. h4 Qf5 28. Qxg5 Qxg5 29. hxg5 Ng7 30. Re1 Rf8 31. Re4 Ne8 32. Bh4 Rf5 33. Kf2 Ng7 34. Kf3 Kf8 35. a4 Ke7 36. a5 Rf8 37. Re1 Nf5 38. Bf2 Rb8 39. Rh1 Rg8 40. Kxf4 Kd8 41. Ke4 b6 42. g4 Ne7 43. Bg3 Kc7 44. Rh7 Re8 45. a6 b5 46. cxb5 Kb6 47. c4 Ka5 48. Bxd6 Nc8 49. Bxc5 Ka4 50. Rh3 Nb6 51. Ra3# 1-0


[Site "https://www.chess.com"]

[Event "Titled Tuesday Blitz March 21 Late 2023"]
[White "Koutlas, Nikolaos"]
[Black "Sjugirov, Sanan"]
[WhiteFideId "25827138"]
[BlackFideId "4189302"]
[WhiteElo "2215"]
[BlackElo "2569"]
[Result "0-1"]
[Round "01"]
[TimeControl "180+2"]
[Date "2023.03.21"]
[WhiteClock "0:00:06"]
[BlackClock "0:01:05"]

1. c4 Nf6 2. Nc3 e5 3. g3 Bb4 4. Bg2 O-O 5. Nf3 Bxc3 6. dxc3 d6 7. c5 e4 8. Nd2 d5 9. O-O a5 10. c4 Be6 11. cxd5 Bxd5 12. Nb3 h6 13. h3 Nc6 14. Be3 Qe7 15. Nd4 Rfd8 16. Nxc6 Bxc6 17. Qb3 Nd5 18. Rfd1 a4 19. Qa3 Nxe3 20. Qxe3 Qe5 21. Qc3 Qxc3 22. bxc3 f5 23. Rd4 a3 24. e3 Rd5 25. Bf1 Rxc5 26. Rc4 Raa5 27. Rd1 Kf7 28. Be2 Ke7 29. Kf1 Rxc4 30. Bxc4 Rc5 31. Bb3 Rxc3 32. Rd4 Bb5+ 33. Ke1 c5 34. Rd5 b6 35. Rxf5 Rxb3 36. axb3 a2 0-1


[Site "https://www.chess.com"]

[Event "Titled Tuesday Blitz March 21 Late 2023"]
[White "Gholami Orimi, Mahdi"]
[Black "Stankovic, Ivan G"]
[WhiteFideId "12558486"]
[BlackFideId "902837"]
[WhiteElo "2363"]
[BlackElo "2234"]
[Result "1-0"]
[Round "01"]
[TimeControl "180+2"]
[Date "2023.03.21"]
[WhiteClock "0:02:38"]
[BlackClock "0:02:06"]

1. d4 d5 2. c4 c6 3. Nf3 Nf6 4. Nc3 a6 5. c5 Nbd7 6. Bf4 Nh5 7. Be3 Qc7 8. g3 e5 9. Nxe5 Nxe5 10. dxe5 Qxe5 11. Bg2 Be7 12. Bd4 Qc7 13. O-O Nf6 14. e4 dxe4 15. Nxe4 Nxe4 16. Bxe4 O-O 17. Qh5 f5 18. Bc2 g6 19. Bb3+ 1-0


[Site "https://www.chess.com"]

[Event "Titled Tuesday Blitz March 21 Late 2023"]
[White "Kozin, Yuri"]
[Black "Kramnik, Vladimir"]
[WhiteFideId "4129920"]
[BlackFideId "4101588"]
[WhiteElo "2496"]
[BlackElo "2712"]
[Result "0-1"]
[Round "01"]
[TimeControl "180+2"]
[Date "2023.03.21"]
[WhiteClock "0:01:45"]
[BlackClock "0:02:12"]

1. e4 c5 2. Nf3 e6 3. d4 cxd4 4. Nxd4 a6 5. Nc3 Qc7 6. Bd3 Nf6 7. Nb3 Be7 8. f4 d6 9. Qf3 Nbd7 10. Be3 b5 11. g4 h6 12. O-O-O Bb7 13. h4 b4 14. Ne2 d5 15. Ng3 dxe4 16. Nxe4 Rc8 17. Rh2 a5 18. g5 hxg5 19. fxg5 Nxe4 20. Bxe4 Bxe4 21. Qxe4 Qxh2 22. g6 f5 23. Qd3 O-O 0-1


[Site "https://www.chess.com"]

[Event "Titled Tuesday Blitz March 21 Late 2023"]
[White "Zierk, Steven"]
[Black "Leenhouts, Koen"]
[WhiteFideId "2034255"]
[BlackFideId "1008439"]
[WhiteElo "2494"]
[BlackElo "2409"]
[Result "1-0"]
[Round "01"]
[TimeControl "180+2"]
[Date "2023.03.21"]
[WhiteClock "0:00:47"]
[BlackClock "0:00:12"]

1. e4 c5 2. Nf3 e6 3. d4 cxd4 4. Nxd4 Nc6 5. Nc3 Qc7 6. Be3 a6 7. f3 Nf6 8. Qd2 Be7 9. g4 b5 10. O-O-O Nxd4 11. Bxd4 Bb7 12. g5 Nh5 13. Ne2 O-O 14. Kb1 e5 15. Bc3 a5 16. Qxd7 Bd8 17. Qxc7 Bxc7 18. Rd7 Rfc8 19. Bxe5 Bxe5 20. Rxb7 b4 21. Nc1 Nf4 22. Nd3 Nxd3 23. Bxd3 Rc5 24. b3 g6 25. h4 a4 26. Bc4 Rc7 27. Rxb4 axb3 28. cxb3 Rd8 29. Bd5 Rc3 30. f4 Bxf4 31. Rf1 Bd6 32. Rb7 Rdc8 33. Rbxf7 Kh8 34. e5 Ba3 35. Bc4 Rd8 36. e6 Rd2 37. e7 Rb2+ 38. Ka1 Re3 39. Rf8+ Kg7 40. Rg8# 1-0


[Site "https://www.chess.com"]

[Event "Titled Tuesday Blitz March 21 Late 2023"]
[White "Luo, Terry"]
[Black "Moroni, Luca Jr"]
[WhiteFideId "30931045"]
[BlackFideId "865834"]
[WhiteElo "2265"]
[BlackElo "2569"]
[Result "1-0"]
[Round "01"]
[TimeControl "180+2"]
[Date "2023.03.21"]
[WhiteClock "0:00:08"]
[BlackClock "0:00:01"]

1. d4 g6 2. e4 Bg7 3. c4 d6 4. Nc3 c5 5. Nf3 Nc6 6. d5 Bxc3+ 7. bxc3 Ne5 8. Nxe5 dxe5 9. Be3 b6 10. Be2 Nf6 11. f3 Qd6 12. O-O O-O 13. a4 Ne8 14. a5 Rb8 15. axb6 axb6 16. Qb3 Qc7 17. f4 f6 18. fxe5 fxe5 19. Rxf8+ Kxf8 20. Bh6+ Kg8 21. Rf1 Nf6 22. Bd3 Bd7 23. Bg5 Qd6 24. Qa3 Rf8 25. Qa7 Kg7 26. Rb1 Rb8 27. h3 h6 28. Be3 g5 29. Rf1 Kg6 30. Kh2 g4 31. h4 Nh5 32. g3 Rd8 33. Qa2 Nf6 34. Qd2 Rh8 35. Qa2 Qc7 36. Ra1 Bc8 37. Qa7 Bb7 38. Rb1 Ra8 39. Qxb6 Ra2+ 40. Kg1 Qd7 41. Qxb7 Qa4 42. Qb3 Qa5 43. Rf1 Ra3 44. Qd1 Qxc3 45. Bxc5 Rb3 46. Bxe7 Qd4+ 47. Kh1 h5 48. Rxf6+ Kg7 49. Qc1 Rxd3 50. Qh6+ Kg8 51. Rf8# 1-0


[Site "https://www.chess.com"]

[Event "Titled Tuesday Blitz March 21 Late 2023"]
[White "Vasquez Schroeder, Rodrigo"]
[Black "Urbina Perez, Juan Antonio"]
[WhiteFideId "3400042"]
[BlackFideId "2217368"]
[WhiteElo "2600"]
[BlackElo "2197"]
[Result "1-0"]
[Round "01"]
[TimeControl "180+2"]
[Date "2023.03.21"]
[WhiteClock "0:00:46"]
[BlackClock "0:00:15"]

1. e4 d5 2. exd5 Qxd5 3. Nc3 Qd8 4. g3 Nf6 5. Bg2 c6 6. h3 Bf5 7. Nf3 e6 8. d3 h6 9. O-O Be7 10. Re1 O-O 11. Qe2 Nbd7 12. Bd2 Re8 13. a3 a5 14. Rab1 a4 15. Rbd1 Qb6 16. Bc1 Bg6 17. Kh2 Bf8 18. Nd2 Nd5 19. Nce4 N7f6 20. Nc4 Qc7 21. Nxf6+ Nxf6 22. Bf4 Qd8 23. Ne5 Bh7 24. c4 Nd7 25. Nf3 Nc5 26. d4 Nb3 27. Be3 Qc7 28. Bf4 Bd6 29. Bxd6 Qxd6 30. c5 Qc7 31. Qc4 Qa5 32. Re2 Qa6 33. Qxa6 Rxa6 34. Bf1 Raa8 35. Re3 Red8 36. Bc4 Na5 37. Ba2 Bc2 38. Rc1 Bb3 39. Bxb3 Nxb3 40. Rc4 Rd5 41. Rb4 Rad8 42. Rxb7 Nxd4 43. Nxd4 Rxd4 44. Rb6 Rd2 45. Kg2 Rc2 46. Rxc6 Rdd2 47. Rf3 Rxb2 48. Rc8+ Kh7 49. Rxf7 Rbc2 50. Rcc7 Kg6 51. Rxg7+ Kh5 52. Rgf7 Kg6 53. g4 Rxc5 54. Rg7+ Kf6 55. Rxc5 Kxg7 56. Rc4 Ra2 57. Rxa4 h5 58. g5 Kg6 59. h4 Kf5 60. Kg3 Rc2 61. Rf4+ Ke5 62. Rf6 Rc3+ 63. f3 Rxa3 64. Rh6 Kf5 65. Rxh5 e5 66. Rh6 e4 67. Rf6+ Ke5 68. Kg4 e3 69. f4+ Ke4 70. Re6+ Kd3 71. Kf3 Kd2 72. h5 e2+ 73. Kf2 e1=Q+ 74. Rxe1 Rh3 75. Re7 Rxh5 76. Kg3 Rh1 77. Kg4 Kd3 78. g6 Kd4 79. Kf5 Kd5 80. Kf6 Kd6 81. f5 Rg1 82. g7 Rg2 83. Re8 1-0


[Site "https://www.chess.com"]

[Event "Titled Tuesday Blitz March 21 Late 2023"]
[White "Sztokbant, Bernardo Vainzoff"]
[Black "Kozak, Adam"]
[WhiteFideId "2115956"]
[BlackFideId "753246"]
[WhiteElo "2222"]
[BlackElo "2469"]
[Result "0-1"]
[Round "01"]
[TimeControl "180+2"]
[Date "2023.03.21"]
[WhiteClock "0:00:01"]
[BlackClock "0:00:46"]

1. e4 b5 2. d4 Bb7 3. Bxb5 Bxe4 4. Nf3 Nf6 5. Nc3 Bxf3 6. Qxf3 c6 7. Bd3 e6 8. O-O d5 9. Re1 Be7 10. Qg3 O-O 11. Bh6 Ne8 12. Ne2 Bh4 13. Qg4 f5 14. Qh5 gxh6 15. Nf4 Qg5 16. Qf3 Ng7 17. g3 Qg4 18. Qg2 Bd8 19. f3 Qg5 20. Nxe6 Nxe6 21. Rxe6 Bb6 22. c3 Nd7 23. Rxc6 Qe3+ 24. Kh1 Qxd3 25. f4 Qe4 26. Rd6 Nf6 27. a4 Rad8 28. Rc6 Rc8 29. Rd6 Qe7 30. Rxf6 Qxf6 31. a5 Qe6 32. axb6 axb6 33. Qh3 Ra8 34. Rf1 Kh8 35. Qh5 Rg8 36. Qh4 Rae8 37. Qh3 Rg6 38. Qh4 Qe2 39. Kg1 Qg4 0-1


[Site "https://www.chess.com"]

[Event "Titled Tuesday Blitz March 21 Late 2023"]
[White "Fressinet, Laurent"]
[Black "Golubev, Mikhail"]
[WhiteFideId "608742"]
[BlackFideId "14100983"]
[WhiteElo "2633"]
[BlackElo "2374"]
[Result "1-0"]
[Round "01"]
[TimeControl "180+2"]
[Date "2023.03.21"]
[WhiteClock "0:00:59"]
[BlackClock "0:00:01"]

1. d4 Nf6 2. Nf3 d6 3. Nc3 Nbd7 4. e4 e5 5. Rg1 exd4 6. Nxd4 Nb6 7. g4 d5 8. e5 Ne4 9. Nxe4 dxe4 10. Be3 Nd5 11. Qd2 Nxe3 12. Qxe3 Bc5 13. O-O-O O-O 14. Qxe4 Qh4 15. f4 Bxg4 16. Rd3 Bxd4 17. Rxd4 Bf5 18. Qg2 g6 19. Qg3 Qxg3 20. hxg3 h5 21. Bg2 c6 22. Rgd1 Kg7 23. a4 Rh8 24. Bf3 h4 25. g4 Be6 26. a5 a6 27. Rh1 Rad8 28. Rxd8 Rxd8 29. Rxh4 Rd4 30. g5 Ra4 31. b3 Rxa5 32. Kb2 Rc5 33. Rh2 a5 34. Re2 Kf8 35. Be4 Ke7 36. Rd2 Bd5 37. Bd3 Be6 38. c4 b5 39. Kc3 bxc4 40. bxc4 1-0


[Site "https://www.chess.com"]

[Event "Titled Tuesday Blitz March 21 Late 2023"]
[White "Shohat, Yotam"]
[Black "Zhigalko, Sergei"]
[WhiteFideId "2813955"]
[BlackFideId "13502956"]
[WhiteElo "2226"]
[BlackElo "2626"]
[Result "1/2-1/2"]
[Round "01"]
[TimeControl "180+2"]
[Date "2023.03.21"]
[WhiteClock "0:00:02"]
[BlackClock "0:00:03"]

1. e4 c5 2. Nf3 Nc6 3. Nc3 Nf6 4. d4 cxd4 5. Nxd4 e5 6. Ndb5 d6 7. Bg5 a6 8. Na3 b5 9. Nd5 Be7 10. Bxf6 Bxf6 11. c4 b4 12. Nc2 O-O 13. g3 a5 14. Bg2 Bg5 15. O-O Be6 16. h4 Bh6 17. Qd3 Rb8 18. b3 Kh8 19. Rad1 Qd7 20. Nce3 Nd4 21. Nc2 Nc6 22. Nce3 Bxe3 23. Nxe3 Rfd8 24. Rd2 Qa7 25. h5 h6 26. Nf5 f6 27. Nxd6 Nd4 28. Nb5 Qf7 29. Nxd4 Rxd4 30. Qe3 Rbd8 31. Rfd1 Rxd2 32. Rxd2 Rxd2 33. Qxd2 Qxh5 34. c5 Qe8 35. Qd6 Bd7 36. Bf1 Bc6 37. f3 Kh7 38. Bc4 Bd7 39. Bd5 Bb5 40. c6 Qg6 41. Kf2 Qg5 42. Be6 h5 43. Bf5+ g6 44. Qe7+ Kh6 45. Qf8+ Kh7 46. Qe7+ Kh6 47. Qf8+ Kh7 48. Qf7+ Kh6 49. Qf8+ 1/2-1/2


[Site "https://www.chess.com"]

[Event "Titled Tuesday Blitz March 21 Late 2023"]
[White "Svane, Frederik"]
[Black "Astafurov, Arseniy"]
[WhiteFideId "12923044"]
[BlackFideId "24175218"]
[WhiteElo "2502"]
[BlackElo "2163"]
[Result "1-0"]
[Round "01"]
[TimeControl "180+2"]
[Date "2023.03.21"]
[WhiteClock "0:00:15"]
[BlackClock "0:00:02"]

1. b3 e5 2. Bb2 Nc6 3. e3 Nf6 4. Bb5 Bd6 5. Ne2 O-O 6. O-O e4 7. Ng3 Be5 8. Bxe5 Nxe5 9. d4 exd3 10. cxd3 d5 11. d4 Ng6 12. Nc3 c6 13. Bd3 Re8 14. Rc1 Qe7 15. Qd2 Ng4 16. h3 Nf6 17. Rfe1 Nh4 18. Qe2 Be6 19. Na4 Rad8 20. Nc5 Bc8 21. b4 a6 22. a4 Qd6 23. b5 cxb5 24. axb5 a5 25. Bb1 b6 26. Nd3 Ne4 27. Nxe4 dxe4 28. Rc6 Qd5 29. Nf4 Qg5 30. Kh2 Bd7 31. Rxb6 Rb8 32. Rxb8 Rxb8 33. Bxe4 Bxb5 34. Rb1 h6 35. Bd3 a4 36. Rxb5 Rxb5 37. Bxb5 a3 38. Bc4 Qa5 39. Qh5 Qa7 40. Qxh4 a2 41. Bxa2 1-0


[Site "https://www.chess.com"]

[Event "Titled Tuesday Blitz March 21 Late 2023"]
[White "Kaplan, Avi Harrison"]
[Black "Ibarra Jerez, Jose Carlos"]
[WhiteFideId "30934559"]
[BlackFideId "2226332"]
[WhiteElo "1983"]
[BlackElo "2638"]
[Result "0-1"]
[Round "01"]
[TimeControl "180+2"]
[Date "2023.03.21"]
[WhiteClock "0:00:06"]
[BlackClock "0:00:31"]

1. Nf3 d6 2. e4 c5 3. Bb5+ Nd7 4. O-O a6 5. Bd3 Ngf6 6. Re1 g6 7. c3 Bg7 8. Qe2 e5 9. Bc2 O-O 10. a4 Rb8 11. Na3 Nh5 12. d3 Nf4 13. Bxf4 exf4 14. d4 Re8 15. Qd2 g5 16. Rad1 g4 17. Qxf4 gxf3 18. e5 cxd4 19. cxd4 fxg2 20. Bb3 Re7 21. Nc4 dxe5 22. dxe5 Qf8 23. Nd6 Nxe5 24. Qg5 Nf3+ 25. Kxg2 Nxg5 26. Nxf7 Bh3+ 27. Kh1 Rxe1+ 28. Rxe1 Nxf7 29. Re3 Bf5 0-1


[Site "https://www.chess.com"]

[Event "Titled Tuesday Blitz March 21 Late 2023"]
[White "Drygalov, Sergey"]
[Black "Erdogan, Anil Berk"]
[WhiteFideId "24171743"]
[BlackFideId "6348173"]
[WhiteElo "2533"]
[BlackElo "2007"]
[Result "1-0"]
[Round "01"]
[TimeControl "180+2"]
[Date "2023.03.21"]
[WhiteClock "0:01:12"]
[BlackClock "0:00:13"]

1. d4 Nf6 2. c4 c5 3. d5 e6 4. Nc3 exd5 5. cxd5 d6 6. e4 g6 7. h3 Bg7 8. Nf3 O-O 9. Bd3 b5 10. Nxb5 Re8 11. O-O Nxe4 12. Bxe4 Rxe4 13. Bg5 Qb6 14. Nc3 Re8 15. Re1 Bd7 16. Qd2 Na6 17. Bh6 Nc7 18. Bxg7 Kxg7 19. Ne4 Qb4 20. Qf4 Nxd5 21. Qxd6 Rxe4 22. Qxd5 Rxe1+ 23. Rxe1 Rd8 24. Rd1 f6 25. Qd6 Qe4 26. Re1 Qc6 27. Qe7+ 1-0


[Site "https://www.chess.com"]

[Event "Titled Tuesday Blitz March 21 Late 2023"]
[White "Khandelwal, Ankush"]
[Black "Chigaev, Maksim"]
[WhiteFideId "413470"]
[BlackFideId "4108116"]
[WhiteElo "2263"]
[BlackElo "2547"]
[Result "0-1"]
[Round "01"]
[TimeControl "180+2"]
[Date "2023.03.21"]
[WhiteClock "0:00:17"]
[BlackClock "0:00:34"]

1. e4 c5 2. Nf3 Nc6 3. Bb5 e6 4. O-O Nge7 5. c3 a6 6. Ba4 b5 7. Bc2 Bb7 8. Qe2 d5 9. e5 d4 10. Be4 Ng6 11. cxd4 Qd7 12. dxc5 Bxc5 13. d3 Nd4 14. Nxd4 Bxd4 15. Nc3 Bxe4 16. Nxe4 O-O 17. Be3 Bxe5 18. Rfd1 Bd4 19. Nc5 Qd5 20. Bxd4 Qxd4 21. Nb3 Qd5 22. Rac1 Nf4 23. Qe4 Qxe4 24. dxe4 Ne2+ 25. Kf1 Nxc1 26. Rxc1 Rac8 27. Rd1 Rfd8 28. Rxd8+ Rxd8 29. Ke2 Rc8 30. Kd3 e5 31. f3 Kf8 32. Kd2 Ke7 33. Nc1 Ke6 34. Nd3 f5 35. exf5+ Kxf5 36. b4 h5 37. Nc5 a5 38. a3 axb4 39. axb4 Rd8+ 40. Ke2 Rd4 41. Nd3 e4 42. fxe4+ Rxe4+ 43. Kf3 Rd4 44. Ke3 Rc4 45. g3 g5 46. Kf3 Re4 47. h3 g4+ 48. hxg4+ hxg4+ 49. Kf2 Kg5 50. Kg2 Rd4 51. Nf4 Rxf4 52. gxf4+ Kxf4 53. Kf2 Ke4 54. Kg3 Kd4 55. Kxg4 Kc4 56. Kf3 Kxb4 57. Ke2 Kc3 58. Kd1 Kb2 0-1


[Site "https://www.chess.com"]

[Event "Titled Tuesday Blitz March 21 Late 2023"]
[White "Dardha, Daniel"]
[Black "Shapiro, Viktor"]
[WhiteFideId "240990"]
[BlackFideId "4175700"]
[WhiteElo "2581"]
[BlackElo "2152"]
[Result "1-0"]
[Round "01"]
[TimeControl "180+2"]
[Date "2023.03.21"]
[WhiteClock "0:01:51"]
[BlackClock "0:01:14"]

1. Nf3 Nf6 2. c4 c5 3. Nc3 Nc6 4. e3 g6 5. d4 Bg7 6. d5 Na5 7. e4 d6 8. h3 O-O 9. Be2 e6 10. O-O exd5 11. exd5 a6 12. Bd3 b5 13. cxb5 axb5 14. Bxb5 Ba6 15. Bxa6 Rxa6 16. Re1 Qa8 17. Bg5 h6 18. Bh4 Nc4 19. Qe2 Nb6 20. Rad1 Nbxd5 21. Nxd5 Nxd5 22. Rxd5 Qxd5 23. Qxa6 Ra8 24. Qb6 Rxa2 25. Bg3 Rxb2 26. Qxd6 Qxd6 27. Bxd6 c4 28. Be5 c3 29. Bxg7 Kxg7 30. Rc1 c2 31. Ne1 Rb1 32. Nd3 Rb3 33. Nf4 Rb1 34. Ne2 f5 35. Kf1 f4 36. Ke1 g5 37. Kd2 Rxc1 38. Nxc1 Kf6 39. Kxc2 h5 40. Kd3 g4 41. hxg4 hxg4 42. Ke4 Kg5 43. f3 gxf3 44. gxf3 Kh4 45. Kxf4 1-0


[Site "https://www.chess.com"]

[Event "Titled Tuesday Blitz March 21 Late 2023"]
[White "reevecanada"]
[Black "Durarbayli, Vasif"]
[BlackFideId "13402935"]
[WhiteElo "2482"]
[BlackElo "2543"]
[Result "0-1"]
[Round "01"]
[TimeControl "180+2"]
[Date "2023.03.21"]
[WhiteClock "0:00:05"]
[BlackClock "0:01:00"]

1. e4 c5 2. Nf3 d6 3. d4 cxd4 4. Qxd4 Nf6 5. c4 g6 6. Nc3 Bg7 7. Be2 O-O 8. O-O Be6 9. Rb1 Nd5 10. Qd3 Nxc3 11. bxc3 Nd7 12. Nd4 Ne5 13. Nxe6 fxe6 14. Qh3 Qc8 15. f4 Nxc4 16. Rb4 Nb6 17. Bb2 e5 18. f5 d5 19. Bg4 Nc4 20. exd5 Qc5+ 21. Kh1 Ne3 22. f6 Nxg4 23. Qxg4 Rxf6 24. Rxf6 Bxf6 25. Qe6+ Kg7 26. Rxb7 Rd8 27. c4 Qxc4 28. Rxe7+ Bxe7 29. Qxe7+ Kh6 30. Qh4+ Qxh4 31. h3 Rxd5 32. Bc1+ Kg7 33. Be3 Qe1+ 34. Kh2 Rd1 35. Bg1 Qxg1+ 36. Kg3 Qe3+ 37. Kh4 Qf4+ 38. g4 Rd3 39. a4 Qh6# 0-1


[Site "https://www.chess.com"]

[Event "Titled Tuesday Blitz March 21 Late 2023"]
[White "Gharibyan, Mamikon"]
[Black "Remolar Gallen, Jose"]
[WhiteFideId "13308300"]
[BlackFideId "2215187"]
[WhiteElo "2445"]
[BlackElo "2223"]
[Result "0-1"]
[Round "01"]
[TimeControl "180+2"]
[Date "2023.03.21"]
[WhiteClock "0:00:05"]
[BlackClock "0:00:08"]

1. e4 c5 2. Nf3 d6 3. d4 cxd4 4. Qxd4 Nc6 5. Bb5 e5 6. Qd3 h6 7. Nc3 Nf6 8. O-O Be7 9. h3 O-O 10. Be3 Be6 11. a3 a6 12. Bc4 b5 13. Bd5 Rc8 14. Rad1 Qa5 15. Na2 Rfd8 16. Bd2 Qb6 17. Bxe6 fxe6 18. Nh4 d5 19. exd5 exd5 20. Ng6 Bc5 21. Nb4 Nxb4 22. axb4 Bd6 23. c3 Qc6 24. Rfe1 Re8 25. Qf5 Qd7 26. Qxd7 Nxd7 27. Be3 Nf6 28. Nh4 Rcd8 29. Ra1 Ra8 30. Nf5 Bf8 31. Ra2 d4 32. cxd4 Bxb4 33. Rea1 exd4 34. Nxd4 Nd5 35. Rxa6 Rxa6 36. Rxa6 Nxe3 37. fxe3 Rxe3 38. Nxb5 Rb3 39. Nc7 Rxb2 40. Ne6 Re2 41. Ra8+ Kf7 42. Nf4 Bc5+ 43. Kh1 Re1+ 44. Kh2 Bd6 45. g3 g5 46. Ra7+ Ke8 47. Nh5 Re2+ 48. Kg1 Bc5+ 49. Kf1 Rf2+ 50. Ke1 Bxa7 51. Ng7+ Kf7 0-1


[Site "https://www.chess.com"]

[Event "Titled Tuesday Blitz March 21 Late 2023"]
[White "cryptoguru02"]
[Black "Movahed, Sina"]
[BlackFideId "42520835"]
[WhiteElo "2480"]
[BlackElo "2225"]
[Result "0-1"]
[Round "01"]
[TimeControl "180+2"]
[Date "2023.03.21"]
[WhiteClock "0:00:03"]
[BlackClock "0:00:10"]

1. d4 Nf6 2. c4 g6 3. Nc3 Bg7 4. e4 d6 5. Be2 O-O 6. Be3 Nc6 7. Nf3 Ng4 8. Bg5 h6 9. Bh4 g5 10. Bg3 e6 11. h3 Nf6 12. Qd2 Nh5 13. Bh2 f5 14. exf5 exf5 15. d5 Ne7 16. Nxg5 hxg5 17. Bxh5 f4 18. O-O-O Bf5 19. Bg4 Bxg4 20. hxg4 Ng6 21. f3 Ne5 22. Qe2 c5 23. dxc6 bxc6 24. Bg1 Qa5 25. Bd4 Rae8 26. Qc2 Re6 27. Bxe5 Qxe5 28. Ne4 d5 29. Nd2 Rb8 30. b3 Qd4 31. Nb1 Qe3+ 32. Rd2 Rbe8 33. Qh7+ Kf8 34. Qf5+ Rf6 35. Qxg5 dxc4 36. Rh7 Qe1+ 37. Rd1 Qe3+ 38. Rd2 Rf7 39. bxc4 Rb8 40. Kc2 Rb2+ 41. Kc1 Qe1+ 42. Rd1 Rxb1+ 43. Kxb1 Qxd1# 0-1


[Site "https://www.chess.com"]

[Event "Titled Tuesday Blitz March 21 Late 2023"]
[White "Yeletsky, Ivan"]
[Black "Bruedigam, Martin"]
[WhiteFideId "24180327"]
[BlackFideId "24608033"]
[WhiteElo "2414"]
[BlackElo "2331"]
[Result "1-0"]
[Round "01"]
[TimeControl "180+2"]
[Date "2023.03.21"]
[WhiteClock "0:00:20"]
[BlackClock "0:00:05"]

1. Nf3 d5 2. g3 c5 3. Bg2 Nc6 4. d4 Nf6 5. O-O cxd4 6. Nxd4 Qb6 7. Nxc6 bxc6 8. c4 e6 9. Nc3 Be7 10. Qc2 O-O 11. b3 Ba6 12. Na4 Qa5 13. Bd2 Bb4 14. Bxb4 Qxb4 15. Rfc1 Rab8 16. e3 h6 17. cxd5 cxd5 18. Nc5 Qb6 19. Qb2 Rfc8 20. Qd4 Rc6 21. Nxa6 Rxc1+ 22. Rxc1 Qxa6 23. Rc2 Qa3 24. Bf1 Ne4 25. Bd3 Nd6 26. Qc5 Qxc5 27. Rxc5 Rc8 28. Ra5 Rc7 29. b4 Kf8 30. a4 Ke7 31. Kg2 Nc4 32. Ra6 Ne5 33. Bb5 Nc4 34. a5 e5 35. Kf3 Nd2+ 36. Ke2 Ne4 37. Bd3 Nd6 38. f3 Rb7 39. e4 dxe4 40. fxe4 g6 41. Kd2 f5 42. exf5 gxf5 43. b5 e4 44. Be2 Nxb5 45. Rxh6 Nd6 46. h4 Rb2+ 47. Ke3 Rb3+ 48. Kf4 Rb2 49. Bh5 Rf2+ 50. Ke5 Nc4+ 51. Kd4 Nxa5 52. Ra6 Nb3+ 53. Ke5 e3 54. Rxa7+ Kd8 55. Ra3 Nc5 56. Rxe3 Kd7 57. Bg6 f4 58. gxf4 Ne6 59. Bf5 1-0


[Site "https://www.chess.com"]